General information
- name: BNet
- type: Ladder team game (AT/RT)
- host: Battle.net
- saver: NehNeh
map: Battleground
- players: 8
- length: 33:51
- speed: Fast
- version: 1.26 W3XP
- replay type: Public
» download(166 KB)
Players
team 1 (winner)

»
420leaffan (
teal | 58 APM | 1266 actions | 21:38)
6 Warden
3 Shadow Strike
2 Blink
1 Spirit of Vengeance
» actions
| Assign group hotkey | 29 | |
| Basic commands | 26 | |
| Build / train | 60 | |
| Enter build submenu | 14 | |
| Enter hero's abilities submenu | 6 | |
| Right click | 583 | |
| Select / deselect | 178 | |
| Select group hotkey | 322 | |
| Use ability | 48 | |
1266 total
» units
| Wisp | 10 | |
| Archer | 5 | |
| Huntress | 7 | |
| Mountain Giant | 6 | |
| Dryad | 8 | |
| Hippogryph | 2 | |
38 total
» upgrades
| Strength of the Moon | 2 | |
| Moon Armor | 2 | |
| Strength of the Wild | 2 | |
| Abolish Magic | 1 | |
| Resistant Skin | 1 | |
| Hardened Skin | 1 | |
| Reinforced Hides | 1 | |
| Upgrade Moon Glaive | 1 | |
11 total
» buildings
| Altar of Elders | 1 | |
| Moon Well | 7 | |
| Ancient of War | 1 | |
| Hunter's Hall | 1 | |
| Tree of Ages | 1 | |
| Ancient of Wonders | 1 | |
| Tree of Eternity | 1 | |
| Ancient of Lore | 2 | |
| Ancient of Wind | 1 | |
16 total
» build order
00:09 Altar of Elders
00:19 Moon Well
00:47 Ancient of War
01:33 Moon Well
01:59 Moon Well
02:30 Hunter's Hall
04:06 Tree of Ages
05:01 Moon Well
06:09 Ancient of Wonders
08:14 Tree of Eternity
08:19 Ancient of Lore
08:22 Ancient of Lore
08:41 Moon Well
10:43 Moon Well
16:52 Ancient of Wind
18:19 Moon Well
» items
NehNeh (
orange | 57 APM | 1919 actions | 33:51)
5 Blademaster
3 Wind Walk
2 Critical Strike
» actions
| Assign group hotkey | 247 | |
| Basic commands | 294 | |
| Build / train | 55 | |
| Enter build submenu | 23 | |
| Enter hero's abilities submenu | 5 | |
| Give item / drop item | 10 | |
| Remove unit from queue | 1 | |
| Right click | 616 | |
| Select / deselect | 411 | |
| Select group hotkey | 166 | |
| Use ability | 91 | |
1919 total
» units
| Peon | 16 | |
| Grunt | 4 | |
| Troll Batrider | 3 | |
| Wind Rider | 8 | |
31 total
» upgrades
| Ranged Weapons | 3 | |
| Armor | 3 | |
| Envenomed Spears | 1 | |
| Reinforced Defenses | 1 | |
8 total
» buildings
| Orc Burrow | 6 | |
| Altar of Storms | 1 | |
| Barracks | 1 | |
| Voodoo Lounge | 1 | |
| Stronghold | 1 | |
| War Mill | 2 | |
| Watch Tower | 7 | |
| Beastiary | 4 | |
| Great Hall | 1 | |
| Fortress | 1 | |
25 total
» build order
00:14 Orc Burrow
00:43 Altar of Storms
01:00 Barracks
01:19 Orc Burrow
02:12 Voodoo Lounge
03:13 Stronghold
03:48 War Mill
05:01 Watch Tower
05:17 Watch Tower
05:19 Watch Tower
06:41 Beastiary
06:42 Beastiary
07:52 Orc Burrow
07:53 Orc Burrow
11:14 Great Hall
12:23 Fortress
13:45 War Mill
13:48 Beastiary
13:49 Beastiary
16:30 Watch Tower
16:31 Watch Tower
16:31 Watch Tower
16:34 Watch Tower
18:03 Orc Burrow
18:03 Orc Burrow
» items
| Healing Salve | 4 | |
| Lesser Clarity Potion | 1 | |
| Orb of Lightning | 1 | |
| Staff of Teleportation | 1 | |
7 total

»
saix (
green | 75 APM | 1715 actions | 22:42)
6 Far Seer
3 Feral Spirit
2 Chain Lighting
1 Earth Quake
3 Tauren Chieftain
2 Endurance Aura
1 Shockwave
» actions
| Assign group hotkey | 24 | |
| Basic commands | 22 | |
| Build / train | 68 | |
| Enter build submenu | 19 | |
| Enter hero's abilities submenu | 9 | |
| Right click | 1077 | |
| Select / deselect | 388 | |
| Select group hotkey | 41 | |
| Use ability | 67 | |
1715 total
» units
| Peon | 14 | |
| Troll Headhunter/Berserker | 8 | |
| Wind Rider | 8 | |
| Hippogryph | 7 | |
37 total
» upgrades
| Ranged Weapons | 2 | |
| Armor | 1 | |
| Envenomed Spears | 1 | |
| Melee Weapons | 1 | |
5 total
» buildings
| Altar of Storms | 1 | |
| Orc Burrow | 13 | |
| War Mill | 1 | |
| Barracks | 1 | |
| Voodoo Lounge | 1 | |
| Stronghold | 1 | |
| Watch Tower | 2 | |
| Beastiary | 3 | |
| Fortress | 1 | |
| Great Hall | 1 | |
25 total
» build order
00:20 Altar of Storms
00:22 Orc Burrow
01:10 War Mill
01:37 Barracks
02:17 Orc Burrow
02:48 Orc Burrow
03:59 Voodoo Lounge
05:05 Orc Burrow
06:00 Stronghold
08:03 Watch Tower
08:08 Watch Tower
08:30 Beastiary
08:31 Beastiary
10:41 Fortress
10:49 Beastiary
14:17 Orc Burrow
16:19 Great Hall
16:59 Orc Burrow
17:00 Orc Burrow
17:01 Orc Burrow
17:51 Orc Burrow
17:52 Orc Burrow
19:38 Orc Burrow
19:38 Orc Burrow
» items
| Healing Salve | 2 | |
| Lesser Clarity Potion | 2 | |
| Scroll of Speed | 1 | |
| Scroll of Town Portal | 2 | |
| Orb of Lightning | 1 | |
| Scroll of Protection | 1 | |
| Scroll of Healing | 2 | |
| Potion of Lesser Invulnerability | 1 | |
12 total

»
site187g (
blue | 27 APM | 909 actions | 33:50)
4 Blademaster
1 Wind Walk
1 Mirror Image
2 Critical Strike
» actions
| Assign group hotkey | 14 | |
| Basic commands | 20 | |
| Build / train | 43 | |
| ESC pressed | 2 | |
| Enter build submenu | 26 | |
| Enter hero's abilities submenu | 4 | |
| Give item / drop item | 1 | |
| Right click | 218 | |
| Select / deselect | 378 | |
| Select group hotkey | 160 | |
| Use ability | 43 | |
909 total
» units
| Peon | 17 | |
| Grunt | 12 | |
| Forest Troll Shadow Priest | 1 | |
| Wind Rider | 2 | |
32 total
» upgrades
» buildings
| Altar of Storms | 1 | |
| Orc Burrow | 8 | |
| Barracks | 1 | |
| Stronghold | 2 | |
| Voodoo Lounge | 2 | |
| Great Hall | 4 | |
| War Mill | 1 | |
| Watch Tower | 4 | |
| Beastiary | 3 | |
26 total
» build order
00:10 Altar of Storms
00:28 Orc Burrow
01:21 Barracks
02:05 Orc Burrow
02:50 Orc Burrow
03:55 Orc Burrow
04:08 Stronghold
04:58 Voodoo Lounge
05:21 Voodoo Lounge
05:58 Orc Burrow
08:02 Great Hall
12:50 War Mill
13:43 Great Hall
14:12 Great Hall
14:22 Watch Tower
15:13 Stronghold
15:27 Watch Tower
16:37 Watch Tower
17:06 Watch Tower
18:17 Great Hall
19:31 Beastiary
19:34 Beastiary
20:56 Orc Burrow
21:00 Orc Burrow
21:25 Beastiary
21:31 Orc Burrow
» items
| Healing Salve | 1 | |
| Potion of Lesser Invulnerability | 1 | |
| Orb of Lightning | 1 | |
3 total
team 2 (loser)

»
mckc (
purple | 67 APM | 779 actions | 11:37)
4 Mountain King
2 Storm Bolt
2 Bash
1 Dreadlord
1 Vampiric Aura
» actions
| Assign group hotkey | 26 | |
| Build / train | 57 | |
| Enter build submenu | 17 | |
| Enter hero's abilities submenu | 5 | |
| Right click | 186 | |
| Select / deselect | 200 | |
| Select group hotkey | 249 | |
| Use ability | 39 | |
779 total
» units
| Peasant | 8 | |
| Footman | 13 | |
| Crypt Fiend | 18 | |
39 total
» upgrades
| Defend | 1 | |
| Creature Attack | 2 | |
| Creature Carapace | 2 | |
| Swords | 1 | |
| Plating | 1 | |
7 total
» buildings
| Farm | 6 | |
| Altar of Kings | 1 | |
| Barracks | 2 | |
| Blacksmith | 1 | |
| Crypt | 2 | |
| Ziggurat | 1 | |
| Spirit Tower | 2 | |
| Keep | 1 | |
| Arcane Vault | 1 | |
| Scout Tower | 2 | |
| Lumber Mill | 1 | |
20 total
» build order
00:23 Farm
00:55 Altar of Kings
01:01 Farm
01:41 Barracks
01:46 Barracks
02:05 Farm
02:41 Farm
03:19 Farm
03:50 Blacksmith
04:33 Crypt
04:37 Crypt
05:29 Farm
06:21 Ziggurat
07:57 Spirit Tower
08:03 Keep
08:12 Arcane Vault
08:18 Scout Tower
08:20 Scout Tower
08:23 Spirit Tower
10:12 Lumber Mill
» items
TakeTwo (
yellow | 75 APM | 2555 actions | 33:50)
6 Blood Mage
3 Flame Strike
2 Siphon Mana
1 Summon Phoenix
2 Death Knight
1 Death Pact
1 Death Coil
1 Dreadlord
1 Sleep
» actions
| Assign group hotkey | 35 | |
| Basic commands | 56 | |
| Build / train | 269 | |
| ESC pressed | 12 | |
| Enter build submenu | 77 | |
| Enter hero's abilities submenu | 9 | |
| Give item / drop item | 4 | |
| Right click | 923 | |
| Select / deselect | 578 | |
| Select group hotkey | 451 | |
| Use ability | 140 | |
2555 total
» units
| Peasant | 39 | |
| Footman | 8 | |
| Rifleman | 7 | |
| Crypt Fiend | 4 | |
| Acolyte | 6 | |
| Gryphon Rider | 2 | |
| Dragonhawk Rider | 3 | |
69 total
» upgrades
| Plating | 5 | |
| Gunpowder | 6 | |
| Armor | 5 | |
| Long Rifles | 2 | |
| Masonry | 6 | |
| Lumber Harvesting | 4 | |
| Animal War Training | 2 | |
| Swords | 4 | |
| Storm Hammers | 1 | |
| Cloud | 1 | |
| Backpack | 3 | |
| Defend | 1 | |
| Barrage | 2 | |
| Fragmentation Shards | 2 | |
| Flak Cannons | 2 | |
| Flying Machine Bombs | 2 | |
| Flare | 2 | |
| Creature Attack | 1 | |
| Unholy Strength | 3 | |
| Unholy Armor | 3 | |
| Creature Carapace | 1 | |
| Cannibalize | 4 | |
| Web | 1 | |
| Burrow | 1 | |
| Magic Sentry | 1 | |
| Sorceress Training | 1 | |
| Priest Training | 1 | |
67 total
» buildings
| Altar of Kings | 1 | |
| Barracks | 1 | |
| Farm | 9 | |
| Tomb of Relics | 1 | |
| Blacksmith | 1 | |
| Arcane Vault | 1 | |
| Nerubian Tower | 1 | |
| Keep | 1 | |
| Scout Tower | 33 | |
| Ziggurat | 7 | |
| Arcane Tower | 4 | |
| Lumber Mill | 2 | |
| Town Hall | 3 | |
| Guard Tower | 57 | |
| Castle | 5 | |
| Gryphon Aviary | 2 | |
| Spirit Tower | 8 | |
| Halls of the Dead | 6 | |
| Workshop | 9 | |
| Arcane Sanctum | 1 | |
| Black Citadel | 2 | |
155 total
» build order
00:03 Altar of Kings
00:08 Barracks
00:14 Farm
00:52 Farm
01:31 Tomb of Relics
01:43 Farm
01:59 Blacksmith
02:11 Arcane Vault
03:06 Nerubian Tower
03:49 Farm
04:08 Keep
04:36 Scout Tower
04:53 Ziggurat
05:12 Arcane Tower
06:09 Lumber Mill
08:37 Farm
09:54 Town Hall
09:57 Scout Tower
09:59 Scout Tower
10:02 Scout Tower
10:04 Scout Tower
10:25 Guard Tower
10:27 Scout Tower
10:29 Guard Tower
10:29 Guard Tower
10:29 Guard Tower
10:30 Guard Tower
10:30 Guard Tower
10:30 Guard Tower
10:30 Guard Tower
10:31 Guard Tower
10:58 Guard Tower
11:27 Scout Tower
11:30 Scout Tower
11:55 Guard Tower
11:55 Guard Tower
11:56 Guard Tower
11:56 Guard Tower
11:58 Scout Tower
12:03 Arcane Tower
12:03 Arcane Tower
12:04 Guard Tower
12:10 Scout Tower
12:11 Scout Tower
12:12 Scout Tower
12:13 Scout Tower
12:15 Scout Tower
12:18 Scout Tower
12:27 Guard Tower
12:53 Scout Tower
12:54 Scout Tower
13:25 Guard Tower
13:26 Guard Tower
13:26 Guard Tower
13:29 Guard Tower
13:30 Guard Tower
13:30 Guard Tower
13:40 Guard Tower
13:43 Guard Tower
14:05 Scout Tower
14:09 Scout Tower
14:11 Scout Tower
14:14 Scout Tower
14:17 Scout Tower
14:22 Guard Tower
14:26 Scout Tower
14:34 Castle
14:34 Castle
14:35 Castle
14:40 Guard Tower
14:41 Guard Tower
14:41 Guard Tower
14:44 Guard Tower
14:44 Guard Tower
14:46 Guard Tower
14:46 Guard Tower
14:46 Guard Tower
14:47 Guard Tower
14:47 Guard Tower
14:57 Guard Tower
15:28 Scout Tower
15:30 Scout Tower
15:33 Scout Tower
15:57 Guard Tower
15:58 Guard Tower
15:58 Guard Tower
16:07 Guard Tower
16:53 Ziggurat
16:54 Ziggurat
16:57 Guard Tower
16:58 Castle
17:19 Gryphon Aviary
17:21 Gryphon Aviary
18:34 Spirit Tower
18:34 Spirit Tower
18:41 Ziggurat
20:38 Farm
20:40 Farm
21:56 Spirit Tower
21:56 Spirit Tower
21:56 Spirit Tower
22:01 Halls of the Dead
22:01 Halls of the Dead
22:01 Halls of the Dead
22:12 Workshop
22:13 Workshop
22:14 Workshop
22:24 Farm
22:26 Farm
23:11 Spirit Tower
23:15 Ziggurat
23:17 Ziggurat
23:18 Ziggurat
23:44 Lumber Mill
23:59 Town Hall
24:03 Scout Tower
24:05 Scout Tower
24:07 Scout Tower
24:09 Scout Tower
24:12 Scout Tower
24:14 Scout Tower
24:16 Scout Tower
25:32 Guard Tower
29:52 Town Hall
30:08 Workshop
30:09 Workshop
30:10 Workshop
30:14 Workshop
30:15 Workshop
30:18 Workshop
30:28 Arcane Sanctum
30:56 Black Citadel
30:57 Black Citadel
32:38 Halls of the Dead
32:38 Halls of the Dead
» items
| Scroll of Regeneration | 6 | |
| Boots of Speed | 1 | |
| Staff of Teleportation | 1 | |
| Lesser Clarity Potion | 1 | |
| Scroll of Town Portal | 1 | |
10 total

»
massitems (
pink | 32 APM | 137 actions | 04:18)
1 Dreadlord
1 Sleep
» actions
| Assign group hotkey | 4 | |
| Basic commands | 6 | |
| Build / train | 16 | |
| ESC pressed | 1 | |
| Enter build submenu | 15 | |
| Enter hero's abilities submenu | 1 | |
| Right click | 29 | |
| Select / deselect | 36 | |
| Select group hotkey | 15 | |
| Use ability | 14 | |
137 total
» units
» buildings
| Ziggurat | 5 | |
| Altar of Darkness | 2 | |
| Crypt | 2 | |
| Graveyard | 2 | |
| Tomb of Relics | 1 | |
12 total
» build order
00:18 Ziggurat
00:25 Ziggurat
00:29 Altar of Darkness
00:44 Altar of Darkness
00:48 Crypt
01:04 Crypt
01:11 Graveyard
01:18 Graveyard
01:31 Ziggurat
02:06 Ziggurat
02:22 Ziggurat
02:31 Tomb of Relics
Chat log
(00:25 / Allies) 420leaffan: rush?
(00:28 / Allies) saix: they rush
(00:30 / Allies) site187g: ok
(00:39 / Allies) 420leaffan: mass
(00:49 / Allies) site187g: grunts
(01:02 / Allies) saix: i go headhunter
(01:38 / Allies) site187g: saix
(01:39 / Allies) site187g: we rushing
(01:42 / Allies) site187g: ty
(01:45 / All) NehNeh: HOW I CAN SAVE CHAR INFO FOR THE NEXT GAME GUY\s
(01:51 / All) NehNeh: HOW I AM SAVE FOR LEVEL 10 HERO GUYS
(01:51 / All) TakeTwo: Hello Teelo
(01:54 / All) site187g: press alt qq
(02:05 / All) NehNeh: IS D3 A GOOD GAME?
(02:22 / All) site187g: press alt qq and blizzard sends you the answer
(02:29 / All) NehNeh: IN YOUR OPINION WHAT MAKES A JRPG A JRPG
(02:32 / All) mckc: wrong answer
(03:18 / Allies) saix: reallt
(03:22 / Allies) saix: really
(03:34 / Allies) saix: its a fucking green spot
(10:12 / Allies) saix: they creeping
(10:19 / Allies) site187g: yeup
(10:48 / Allies) site187g: can i get gold plz
(11:54 / Allies) site187g: hero
(12:23 / Allies) site187g: k
(12:24 / All) site187g: gtfo
(12:26 / All) saix: gg
(12:29 / All) TakeTwo: It's not over yet.
(12:41 / All) saix: yes it is lvl 5 already
(13:22 / All) TakeTwo: lost your tauren chieftain
(13:23 / All) TakeTwo: lol
(13:39 / Allies) NehNeh: wood guys?
(14:38 / Allies) site187g: send trolls
(15:03 / Allies) saix: its over man
(15:23 / Allies) saix: ur wasting time
(16:49 / All) TakeTwo: You'll know it when it happens
(17:02 / Allies) NehNeh: hit green guys
(17:14 / Allies) site187g: wtf
(17:44 / Allies) site187g: whats with the tk
(17:58 / Allies) saix: kill him
(18:13 / Allies) saix: kill
(18:13 / All) NehNeh: wood buds?
(18:17 / Allies) saix: fuck oj
(20:01 / All) TakeTwo: lol
(20:18 / All) NehNeh: the cavalry is coming, teal
(20:19 / All) NehNeh: hold on
(20:30 / Allies) saix: fuck oj run
(21:11 / All) 420leaffan: omg tk
(21:15 / All) TakeTwo: I told you
(21:19 / All) TakeTwo: You'll know it when it happens
(21:20 / Allies) saix: all kill oj
(21:35 / All) 420leaffan: this is gay
(22:35 / All) TakeTwo: RALLY OUTSIDE, SPAWN INSIDE
(23:15 / All) NehNeh: did you have fun blue?
(23:38 / All) NehNeh: because I sure did
(24:54 / All) TakeTwo: sup
(25:01 / All) TakeTwo: How are you, blue?
(25:16 / All) NehNeh: He's been silent for a while
(25:28 / All) NehNeh: really started clam up when he lost his army
(28:26 / All) TakeTwo: Gonna stats my team even though blue is getting the loss
(28:36 / All) TakeTwo: massitems we have played before, 77-85
(28:44 / All) TakeTwo: cottonmouth is 33-60
(28:52 / All) TakeTwo: mckc is 8-8
(28:53 / All) NehNeh: blue still here
(28:58 / All) TakeTwo: I know
(30:19 / All) NehNeh: I getting a little dizzy!
(30:28 / All) NehNeh: THE ONLY WAY TO FLY
(32:09 / Allies) NehNeh: your base is dying
(32:25 / Allies) NehNeh: somebody should rescue it!
(32:46 / Allies) NehNeh: WON'T SOMEBODY SAVE YOU!?
(33:31 / Allies) NehNeh: I WILL SAVE YOU FROM THE PEONS'S VICIOUS ATTACK!